 Dungeon Crawl Stone Soup version 0.27-a0-1193-g8631133539 (webtiles) character file.

Game seed: 15405752929028239160

252 bande the Covered (level 6, -8/38 HPs)
             Began as a Gargoyle Fighter on May 27, 2021.
             Was an Initiate of Okawaru.
             Mangled by an ogre
             ... wielding a +0 giant club
              (23 damage)
             ... on level 4 of the Dungeon.
             The game lasted 00:08:25 (4890 turns).

bande the Covered (Gargoyle Fighter)                Turns: 4890, Time: 00:08:26

Health: -8/38      AC: 15    Str: 20    XL:     6   Next: 13%
Magic:  6/6        EV:  5    Int:  9    God:    Okawaru [......]
Gold:   133        SH:  9    Dex: 10    Spells: 5/5 levels left

rFire    . . .     SeeInvis .   a - +1 war axe (vorpal)
rCold    . . .     Faith    .   c - +0 kite shield
rNeg     + . .     Spirit   .   l - +0 chain mail
rPois    ∞         Reflect  .   (no helmet)
rElec    +         Harm     .   (no cloak)
rCorr    .         Rampage  .   j - +0 pair of gloves
Will     .....                  (no boots)
Stlth    ..........             (no amulet)
HPRegen  0.12/turn              (no ring)
MPRegen  0.10/turn              (no ring)

@: no status effects
A: sickness immunity, AC +4, negative energy resistance 1, electricity
resistance, torment resistance 1, petrification resistance
a: Renounce Religion


You were on level 4 of the Dungeon.
You worshipped Okawaru.
Okawaru was noncommittal.
You visited 1 branch of the dungeon, and saw 4 of its levels.
You also visited: Sewer.

You collected 133 gold pieces.

Inventory:

Hand Weapons
 a - a +1 vorpal war axe (weapon)
Armour
 c - a +0 kite shield (worn)
 j - a +0 pair of gloves (worn)
 l - a +0 chain mail (worn)
Jewellery
 h - a ring of see invisible
 n - a ring of fire
Wands
 e - a wand of polymorph (9)
Scrolls
 b - a scroll of amnesia
 f - a scroll of enchant weapon
 g - a scroll of identify
 o - a scroll of brand weapon
 p - a scroll of enchant armour {unknown}
Potions
 d - 2 potions of might
 i - a potion of heal wounds
 m - a potion of curing


   Skills:
 + Level 4.1 Fighting
 + Level 3.6 Axes
 + Level 4.3 Armour
 + Level 0.7 Dodging
 + Level 4.3 Shields
 * Level 0.6 Invocations
 * Level 0.3 Evocations


You had 5 spell levels left.
You didn't know any spells.
Your spell library contained the following spells:

 Spells                   Type           Power      Damage    Failure   Level
 Freeze                   Ice            0%         1d3       100%        1
 Magic Dart               Conj           0%         1d3       100%        1
 Searing Ray              Conj           0%         3d3       100%        2
 Dazzling Flash           Conj/Hex       0%         N/A       100%        3
 Frozen Ramparts          Ice            0%         1d2       100%        3
 Ozocubu's Armour         Ice            0%         N/A       100%        3
 Fulminant Prism          Conj/Hex       0%         3d6       100%        4
 Hailstorm                Conj/Ice       0%         3d3       100%        4
 Iskenderun's Mystic Bla  Conj/Tloc      0%         2d3       100%        4
 Metabolic Englaciation   Hex/Ice        0%         N/A       100%        5


Dungeon Overview and Level Annotations

Branches:
Dungeon (4/15)              Sewer (visited)
 Temple: D:4-7

Altars:
Fedhas
Kikubaaqudgha
Okawaru
Qazlal
Vehumet
Yredelemnul

Shops:
D:2 [[


Innate Abilities, Weirdness & Mutations

You are immune to sickness and miasma.
Your stone body is resilient. (AC +4)
You are immune to poison.
You resist negative energy. (rN+)
You are resistant to electric shocks. (rElec)
You are resistant to unholy torment.
You are immune to petrification.


Message History

You feel attractive to monsters.
Found 16 stones.
p - a scroll labelled YLEOCANU GEDU Drop what? 16/52 slots (_ for help) (? for menu, Esc to quit)
You drop a potion of attraction.
You feel less attractive to monsters.
Found a runed cloak.
You see here a +1 cloak.
An ogre comes into view. It is wielding a +0 giant club.
The ogre shouts!
A jackal comes into view.
Found a club.
A jackal comes into view.
The jackal barks!
The jackal bites you but does no damage.
You slash the jackal!
You kill the jackal!
Okawaru accepts your kill. You block the jackal's attack.
You barely miss the jackal. You block the jackal's attack.
The jackal bites you but does no damage.
You slash the jackal!
You kill the jackal!
Okawaru accepts your kill. You block the ogre's attack.
You slash the ogre!
The ogre is heavily wounded.
The ogre hits you with a +0 giant club!!
Ouch! That really hurt!
You are too injured to fight recklessly!
You are too injured to fight recklessly!
You are too injured to fight recklessly!
You are too injured to fight recklessly!
You are too injured to fight recklessly!
You are too injured to fight recklessly!
You slash the ogre!
The ogre is almost dead.
The ogre hits you with a +0 giant club!!
Ouch! That really hurt!
You die...

.##.....###............#
###.....####...........#
##...#..####..........#
##..(###..###.......####
)....# #...........## #
.....# #.........####.#
##...###......#.......#
##...#.....####...##.#
#........## #@###
##.###...## ##O# ##..#
#...# ##..# #..##
#....###...# #..#
#........##.# ...#
#......### .# #..#
...##..# ..
#........##..# .#.
#...#... ..# ...#


You could see an ogre.

Vanquished Creatures
  A bullfrog (Sewer)
  A hound (D:4)
  7 adders
  An ufetubus (D:4)
  A dart slug (D:3)
  4 bats
  5 endoplasms
  7 giant cockroaches (Sewer)
  10 goblins
  4 hobgoblins
  11 jackals
  7 quokkas
  9 ball pythons
  10 frilled lizards
  3 kobolds
  6 rats
87 creatures vanquished.

Notes
Turn   | Place    | Note
-------+----------+-------------------------------------------
     0 | D:1      | bande the Gargoyle Fighter began the quest for the Orb.
     0 | D:1      | Reached XP level 1. HP: 14/14 MP: 1/1
   397 | D:1      | Reached XP level 2. HP: 18/19 MP: 2/2
  1321 | D:2      | Reached XP level 3. HP: 20/24 MP: 3/3
  1778 | D:2      | Found Waameim's Antique Armour Boutique.
  1797 | D:2      | Reached XP level 4. HP: 29/29 MP: 4/4
  1922 | D:2      | Found Xiddoh's Antique Armour Shop.
  2431 | D:3      | Found a basalt altar of Yredelemnul.
  2533 | D:3      | Found an ancient bone altar of Kikubaaqudgha.
  2535 | D:3      | Found a blossoming altar of Fedhas.
  2837 | D:3      | Found a glowing drain.
  2846 | Sewer    | Entered a sewer
  3026 | Sewer    | Reached XP level 5. HP: 33/33 MP: 5/5
  3674 | D:3      | Found a radiant altar of Vehumet.
  3760 | D:3      | Found an iron altar of Okawaru.
  4249 | D:3      | Became a worshipper of Warmaster Okawaru
  4556 | D:4      | Reached XP level 6. HP: 38/38 MP: 6/6
  4667 | D:4      | Found a stormy altar of Qazlal.
  4890 | D:4      | Mangled by an ogre

Illustrated notes

Levels and vault maps discovered:
D:1:      minmay_arrival_wavy_path, layout_loops_ring, hangedman_decor_points
D:2:      layout_loops_corners, serial_shops, shop_statue, shop
D:3:      layout_loops_corners, grunt_temple_overflow_growth_and_decay,
          general_overflow_altar, lemuel_coloured_pillars_altar,
          old_standard_altar, portal_sewer_entry_d,
          chequers_serial_rivers_micro_d
D:4:      layout_layer_cave, lemuel_crystal_altar, kennysheep_potato

Skill      XL: |  1  2  3  4  5 |
---------------+----------------+-----
Axes           | 2 3 |  3.6
Armour         | 4 |  4.3
Shields        | 4 |  4.3
Fighting       | 4 |  4.1
Dodging        | |  0.7
Invocations    | |  0.6
Evocations     | |  0.3

Action                   |  1- 3 |  4- 6 || total
-------------------------+-------+-------++-------
Melee: War axe           |    98 |   195 ||   293
  Use: Scroll            |     4 |     5 ||     9
       Potion            |       |     3 ||     3
Armor: Scale mail        |    59 |     5 ||    64
       Chain mail        |       |   137 ||   137
Dodge: Dodged            |    29 |    41 ||    70
Block: Kite shield       |    48 |   120 ||   168

Table legend: (Time is in decaauts)
 A = Elapsed time spent in this place.
 B = Non-inter-level travel time spent in this place.
 C = Inter-level travel time spent in this place.
 D = Time resting spent in this place.
 E = Time spent auto-exploring this place.
 F = Levels seen in this place.
 G = Mean time per level.
                   A        B        C        D        E       F      G
               +--------+--------+--------+--------+--------+-----+--------+
         Total |   5171 |   5053 |    118 |    340 |   3401 |   5 | 1034.2 |
       Dungeon |   4350 |   4232 |    118 |    154 |   2992 |   4 | 1087.5 |
         Sewer |    821 |    821 |      0 |    186 |    409 |   1 |  821.0 |
               +--------+--------+--------+--------+--------+-----+--------+

Top non-repeatable levels by time:
     D:3: 1407 daAuts
     D:2: 1293 daAuts
     D:1: 1153 daAuts
   Sewer: 821 daAuts
     D:4: 496 daAuts
